[Event "11th Arad Open 2018"]
[Site "Arad"]
[Date "2018.08.06"]
[Round "2"]
[White "Aczel, Gergely"]
[Black "Voiteanu, Gabriel"]
[Result "1-0"]
[ECO "A58"]
[WhiteElo "2551"]
[BlackElo "2190"]
[Annotator "RC"]
[PlyCount "73"]
[EventDate "2018.08.05"]
[EventType "swiss"]
[EventCountry "ROU"]
[SourceTitle "playchess.com"]
[Source "ChessBase"]
[SourceQuality "1"]
[TimeControl "40/5400+30:1800+30"]

1. d4 Nf6 2. c4 c5 3. d5 b5 4. cxb5 a6 5. bxa6 g6 6. Nc3 Bxa6 7. e4 Bxf1 8. Kxf1 d6 9. Nf3 Nbd7 10. g3 Bg7 11. Kg2 O-O 12. a4 Ra6 13. Qc2 Qa8 14. Ra3 Rb8 15. Nb5 Rc8 16. Bd2 c4 17. Nfd4 Nc5 18. f3 Nfd7 19. Nc6 Rcxc6 20. dxc6 Qxc6 21. Bc3 Nxa4 22. Rxa4 Qxb5 23. Rha1 Nc5 24. Rxa6 Nxa6 25. Qa4 Nc7 26. Qxb5 Nxb5 27. Ra8+ Bf8 28. Bd2 Kg7 29. Rc8 c3 30. Bxc3+ f6 31. Bd2 Kf7 32. b4 f5 33. Rb8 Nd4 34. exf5 gxf5 35. b5 Bg7 36. b6 Nc6 37. Rc8 1-0

[Event "11th Arad Open 2018"]
[Site "Arad"]
[Date "2018.08.06"]
[Round "2"]
[White "Daianu, Cristian-Clement"]
[Black "Gavrilescu, David"]
[Result "0-1"]
[ECO "C07"]
[WhiteElo "2166"]
[BlackElo "2468"]
[Annotator "RC"]
[PlyCount "58"]
[EventDate "2018.08.05"]
[EventType "swiss"]
[EventCountry "ROU"]
[SourceTitle "playchess.com"]
[Source "ChessBase"]
[SourceQuality "1"]
[TimeControl "40/5400+30:1800+30"]

1. e4 e6 2. d4 d5 3. Nd2 c5 4. exd5 Qxd5 5. Ngf3 cxd4 6. Bc4 Qd7 7. O-O Nc6 8. Nb3 a6 9. a4 Nf6 10. Qe2 Bd6 11. Rd1 O-O 12. Nbxd4 e5 13. Nxc6 Qxc6 14. Bg5 Bc7 15. h3 e4 16. Nd4 Qd6 17. g3 Bb6 18. Bf4 Qe7 19. Kh2 Rd8 20. c3 Bc7 21. Qe3 Bg4 22. Re1 Rac8 23. Bxc7 Qxc7 24. Bf1 Bh5 25. Bg2 Re8 26. Kg1 h6 27. Qd2 Rcd8 28. a5 Rd5 29. Qc2 Rxd4 0-1

[Event "11th Arad Open 2018"]
[Site "Arad"]
[Date "2018.08.06"]
[Round "2"]
[White "Rusan, Paul-Cristian"]
[Black "Miron, Lucian-Costin"]
[Result "0-1"]
[ECO "C45"]
[WhiteElo "2161"]
[BlackElo "2460"]
[Annotator "RC"]
[PlyCount "112"]
[EventDate "2018.08.05"]
[EventType "swiss"]
[EventCountry "ROU"]
[SourceTitle "playchess.com"]
[Source "ChessBase"]
[SourceQuality "1"]
[TimeControl "40/5400+30:1800+30"]

1. e4 e5 2. Nf3 Nc6 3. d4 exd4 4. Nxd4 Nf6 5. Nxc6 bxc6 6. e5 Qe7 7. Qe2 Nd5 8. c4 Nb6 9. Nc3 Qe6 10. Qe4 g6 11. Bd2 Bb7 12. Bd3 O-O-O 13. O-O c5 14. Qe2 Bg7 15. Rfe1 Rde8 16. Bf4 g5 17. Bg3 h5 18. h3 h4 19. Bh2 g4 20. Qxg4 Qxg4 21. hxg4 h3 22. Be4 Nxc4 23. Bxb7+ Kxb7 24. f4 d6 25. Rac1 Kc6 26. b3 Nb2 27. Rc2 Nd3 28. Re3 Nb4 29. Rce2 dxe5 30. gxh3 e4 31. Kg2 f5 32. gxf5 Bd4 33. Nxe4 Bxe3 34. Rxe3 Nc2 35. Re2 Nd4 36. Re1 Nxf5 37. Re2 Nd4 38. Re1 Rh6 39. Bg1 Rhe6 40. Bxd4 cxd4 41. Rc1+ Kd5 42. Ng5 Re2+ 43. Kg3 R8e3+ 44. Kg4 Rc3 45. Rd1 Rg2+ 46. Kf5 Rxa2 47. Ne4 Rxh3 48. Rc1 Rh5+ 49. Kg4 Rh8 50. Kf5 Rf8+ 51. Nf6+ Kd6 52. Rd1 c5 53. b4 cxb4 54. Rxd4+ Kc5 55. Rd1 Ra6 56. Rc1+ Kb5 0-1

[Event "11th Arad Open 2018"]
[Site "Arad"]
[Date "2018.08.06"]
[Round "3"]
[White "Vajda, Levente"]
[Black "Baratosi, Daniel"]
[Result "0-1"]
[ECO "B06"]
[WhiteElo "2558"]
[BlackElo "2371"]
[Annotator "RC"]
[PlyCount "66"]
[EventDate "2018.08.05"]
[EventType "swiss"]
[EventCountry "ROU"]
[SourceTitle "playchess.com"]
[Source "ChessBase"]
[SourceQuality "1"]
[TimeControl "40/5400+30:1800+30"]

1. Nf3 g6 2. e4 Bg7 3. d4 d6 4. Nc3 a6 5. a4 b6 6. Bc4 e6 7. Be3 Ne7 8. Bb3 h6 9. O-O Nd7 10. Re1 O-O 11. h3 Bb7 12. Bf4 g5 13. Be3 Ng6 14. Nd2 Nf6 15. Qe2 Qe7 16. Bc4 Kh8 17. Bd3 c5 18. dxc5 bxc5 19. Nf3 g4 20. hxg4 Nxg4 21. Bd2 Rg8 22. g3 N6e5 23. Bf4 Nxf3+ 24. Qxf3 Bd4 25. Nd1 c4 26. Bxc4 Qf6 27. Ra3 Rac8 28. Rb3 Rxc4 29. Rxb7 Rxc2 30. Rf1 e5 31. Qb3 exf4 32. Rxf7 Qh4 33. Rh7+ Kxh7 0-1

[Event "11th Arad Open 2018"]
[Site "Arad"]
[Date "2018.08.06"]
[Round "3"]
[White "Antal, Gergely"]
[Black "Abramciuc, Marius"]
[Result "1-0"]
[ECO "C52"]
[WhiteElo "2549"]
[BlackElo "2357"]
[Annotator "ChessBase"]
[PlyCount "123"]
[EventDate "2018.08.05"]
[EventType "swiss"]
[EventCountry "ROU"]
[SourceTitle "playchess.com"]
[Source "ChessBase"]
[SourceQuality "1"]
[TimeControl "40/5400+30:1800+30"]

1. e4 e5 2. Nf3 Nc6 3. Bc4 Bc5 4. b4 Bxb4 5. c3 Ba5 6. d4 exd4 7. Qb3 Qe7 8. O-O d6 9. cxd4 Bb6 10. Bb5 Bd7 11. d5 Nb8 12. Bc4 Bg4 13. Bb2 f6 14. a4 a5 15. Nd4 Nd7 16. Qg3 Bxd4 17. Bxd4 Bh5 18. Nc3 Nh6 19. Nb5 Ne5 20. Ba2 Be2 21. Rfb1 O-O 22. Rb2 Bxb5 23. Rxb5 b6 24. Rc1 Nd7 25. f3 Rac8 26. Qh3 Kh8 27. Bb1 Nc5 28. Bc2 Nf7 29. Re1 Rce8 30. Bc3 Qd7 31. Qh4 Ne5 32. f4 Qg4 33. Qxg4 Nxg4 34. h3 Nh6 35. e5 fxe5 36. fxe5 dxe5 37. Rxe5 Nd7 38. Rxe8 Rxe8 39. d6 cxd6 40. Bb3 Ng8 41. Bd4 Rb8 42. Rd5 Nc5 43. Bc2 Rd8 44. Rf5 Rd7 45. g4 h6 46. h4 Re7 47. Kf1 Ne4 48. Rf8 Nef6 49. Bb3 d5 50. Bxf6 gxf6 51. Bxd5 Rg7 52. Be6 h5 53. gxh5 Kh7 54. Bf5+ Kh6 55. Bg6 b5 56. axb5 a4 57. b6 a3 58. Ra8 Rb7 59. Rxg8 Rxb6 60. Rh8+ Kg7 61. Rh7+ Kg8 62. Ra7 1-0

[Event "11th Arad Open 2018"]
[Site "Arad"]
[Date "2018.08.06"]
[Round "3"]
[White "Gavrilescu, David"]
[Black "Trifan, Andrei Ioan"]
[Result "1/2-1/2"]
[ECO "C54"]
[WhiteElo "2468"]
[BlackElo "2308"]
[Annotator "ChessBase"]
[PlyCount "97"]
[EventDate "2018.08.05"]
[EventType "swiss"]
[EventCountry "ROU"]
[SourceTitle "playchess.com"]
[Source "ChessBase"]
[SourceQuality "1"]
[TimeControl "40/5400+30:1800+30"]

1. e4 e5 2. Nf3 Nc6 3. Bc4 Bc5 4. c3 Nf6 5. d3 O-O 6. O-O d5 7. exd5 Nxd5 8. Re1 Bg4 9. Nbd2 Nb6 10. b4 Be7 11. h3 Bh5 12. g4 Bg6 13. b5 Na5 14. Nxe5 Bf6 15. Nxg6 hxg6 16. Ne4 Naxc4 17. dxc4 Nxc4 18. Qf3 Ne5 19. Qg3 Qd3 20. Nxf6+ gxf6 21. Qxd3 Nxd3 22. Re7 Rfe8 23. Rxe8+ Rxe8 24. Be3 Re5 25. a4 a6 26. Rb1 axb5 27. axb5 f5 28. Rd1 f4 29. Bd4 Re1+ 30. Rxe1 Nxe1 31. Kf1 Nf3 32. Bf6 c6 33. bxc6 bxc6 34. Ke2 Ng1+ 35. Kf1 Nf3 36. Ke2 Ng1+ 37. Kd3 Nxh3 38. f3 Ng1 39. Ke4 Ne2 40. c4 Kf8 41. Ke5 Ke8 42. Kd6 Ng1 43. Bg5 Nxf3 44. Bxf4 g5 45. Be3 Nh2 46. Bxg5 Nxg4 47. c5 Nf2 48. Kxc6 Ne4 49. Bf4 1/2-1/2

[Event "11th Arad Open 2018"]
[Site "Arad"]
[Date "2018.08.06"]
[Round "3"]
[White "Miron, Lucian-Costin"]
[Black "Nastase, Robert-Paul"]
[Result "1-0"]
[ECO "D31"]
[WhiteElo "2460"]
[BlackElo "2299"]
[Annotator "ChessBase"]
[PlyCount "69"]
[EventDate "2018.08.05"]
[EventType "swiss"]
[EventCountry "ROU"]
[SourceTitle "playchess.com"]
[Source "ChessBase"]
[SourceQuality "1"]
[TimeControl "40/5400+30:1800+30"]

1. d4 d5 2. c4 e6 3. Nc3 Bb4 4. cxd5 exd5 5. Bf4 c6 6. e3 Ne7 7. h4 Bd6 8. Qf3 h5 9. Bd3 Bf5 10. Bxd6 Bxd3 11. Ba3 Qd7 12. Qg3 Bg6 13. Nge2 Rh6 14. f3 Na6 15. e4 b5 16. Bxe7 Qxe7 17. exd5 b4 18. d6 Qe6 19. Ne4 Bxe4 20. fxe4 Qxe4 21. Qxg7 Re6 22. O-O O-O-O 23. Rf2 Rd7 24. Ng3 Qd5 25. Nf5 Kb7 26. Qg5 c5 27. dxc5 Nxc5 28. Rd2 Qe5 29. Qxh5 Ne4 30. Qf3 Kb8 31. Rd4 Qc5 32. Kh1 Qxf5 33. Rxb4+ Rb7 34. d7 Rd6 35. Qxe4 1-0

[Event "11th Arad Open 2018"]
[Site "Arad"]
[Date "2018.08.06"]
[Round "3"]
[White "Womacka, Mathias"]
[Black "Florescu, Codrut-Constantin"]
[Result "1/2-1/2"]
[ECO "B81"]
[WhiteElo "2450"]
[BlackElo "2295"]
[Annotator "ChessBase"]
[PlyCount "89"]
[EventDate "2018.08.05"]
[EventType "swiss"]
[EventCountry "ROU"]
[SourceTitle "playchess.com"]
[Source "ChessBase"]
[SourceQuality "1"]
[TimeControl "40/5400+30:1800+30"]

1. e4 c5 2. Nf3 e6 3. d4 cxd4 4. Nxd4 Nf6 5. Nc3 d6 6. g4 a6 7. g5 Nfd7 8. Be3 b5 9. a3 Bb7 10. h4 Nc6 11. Nxc6 Bxc6 12. Qd4 f5 13. f3 f4 14. Bd2 e5 15. Qg1 Nb6 16. O-O-O Be7 17. Be1 Qb8 18. Bf2 Bd8 19. Qg4 Bd7 20. Qh5+ Kf8 21. Bh3 Bxh3 22. Rxh3 Qc8 23. Rh2 Qe6 24. Rg2 g6 25. Qg4 Qxg4 26. Rxg4 Nc8 27. Rd3 Kf7 28. Nd5 Ne7 29. Nb6 Bxb6 30. Bxb6 Ke6 31. Rg1 Rac8 32. Rgd1 Rc6 33. Ba5 h6 34. gxh6 Rxh6 35. Be1 Rh8 36. b3 Rhc8 37. R1d2 Rd8 38. Rg2 Rh8 39. Kb2 Rhc8 40. Bb4 Rh8 41. Rg4 Rh6 42. Rd1 Rh8 43. Rd3 Rhc8 44. Rg2 Rh8 45. Rg4 1/2-1/2

[Event "11th Arad Open 2018"]
[Site "Arad"]
[Date "2018.08.06"]
[Round "3"]
[White "Roubalik, Jakub"]
[Black "Vujacic, Borivoje"]
[Result "1-0"]
[ECO "D86"]
[WhiteElo "2402"]
[BlackElo "2235"]
[Annotator "NA"]
[PlyCount "69"]
[EventDate "2018.08.05"]
[EventType "swiss"]
[EventCountry "ROU"]
[SourceTitle "playchess.com"]
[Source "ChessBase"]
[SourceQuality "1"]
[TimeControl "40/5400+30:1800+30"]

1. d4 Nf6 2. c4 g6 3. Nc3 d5 4. cxd5 Nxd5 5. e4 Nxc3 6. bxc3 Bg7 7. Bc4 c5 8. Ne2 O-O 9. O-O Nc6 10. Be3 Qc7 11. Rc1 b6 12. Qd2 Na5 13. Bd3 c4 14. Bc2 e5 15. Bh6 Nb7 16. Bxg7 Kxg7 17. f4 exf4 18. Nxf4 f6 19. e5 f5 20. Nd5 Qd8 21. Nf6 Nd6 22. Rf3 Nf7 23. Rh3 h6 24. Qf4 Bb7 25. Rg3 Bc8 26. Bxf5 Bxf5 27. Qxf5 Ng5 28. Qf4 Rf7 29. h4 Ne6 30. Nh5+ Kf8 31. Qxh6+ Ke7 32. Rxg6 Qd5 33. Nf6 Qb7 34. d5 Nf8 35. Rg7 1-0

[Event "11th Arad Open 2018"]
[Site "Arad"]
[Date "2018.08.06"]
[Round "3"]
[White "Macovei, Andrei"]
[Black "Olariu, Luca-Stefan"]
[Result "1-0"]
[ECO "B31"]
[WhiteElo "2394"]
[BlackElo "2019"]
[Annotator "NA"]
[PlyCount "117"]
[EventDate "2018.08.05"]
[EventType "swiss"]
[EventCountry "ROU"]
[SourceTitle "playchess.com"]
[Source "ChessBase"]
[SourceQuality "1"]
[TimeControl "40/5400+30:1800+30"]

1. e4 c5 2. Nf3 Nc6 3. Bb5 g6 4. Bxc6 dxc6 5. h3 Bg7 6. d3 e5 7. Nbd2 Ne7 8. Nc4 Qc7 9. Be3 b6 10. O-O Be6 11. a3 O-O 12. b4 cxb4 13. axb4 Rad8 14. Qe2 h6 15. Bd2 Bxc4 16. dxc4 f5 17. Rad1 Kh7 18. Rfe1 Rde8 19. Be3 fxe4 20. Nd2 Nf5 21. Nxe4 Nd4 22. Qg4 Rd8 23. Rd2 Nf5 24. c3 Qf7 25. Bg5 Rxd2 26. Bxd2 Nd6 27. Be3 Nxc4 28. Qh4 Qd5 29. Bg5 Nd6 30. c4 Qd3 31. Nxd6 Qxd6 32. c5 bxc5 33. bxc5 Qd4 34. Re4 Qxc5 35. Be3 Qd5 36. Rc4 a6 37. Rc5 Qd7 38. Qc4 Rf6 39. Qxa6 Qd1+ 40. Kh2 Qd6 41. Rc1 e4+ 42. Kg1 Re6 43. Qa4 Qd5 44. Rd1 Qe5 45. Qb4 Qc7 46. Rd2 Qe7 47. Bc5 Qf7 48. Be3 Re8 49. Qd6 Qe6 50. Qc7 Re7 51. Qd8 Re8 52. Qc7 Re7 53. Qd8 Re8 54. Qa5 Re7 55. Qb4 Re8 56. Rd6 Qc8 57. Qc4 c5 58. Qf7 Qb8 59. Rxg6 1-0

[Event "11th Arad Open 2018"]
[Site "Arad"]
[Date "2018.08.06"]
[Round "3"]
[White "Peptan, Corina-Isabela"]
[Black "Talu, Mircea"]
[Result "1-0"]
[ECO "E12"]
[WhiteElo "2380"]
[BlackElo "2092"]
[Annotator "NA"]
[PlyCount "151"]
[EventDate "2018.08.05"]
[EventType "swiss"]
[EventCountry "ROU"]
[SourceTitle "playchess.com"]
[Source "ChessBase"]
[SourceQuality "1"]
[TimeControl "40/5400+30:1800+30"]

1. c4 Nf6 2. Nf3 b6 3. d4 e6 4. a3 Bb7 5. Nc3 Be7 6. d5 d6 7. e4 e5 8. Be2 Nbd7 9. Qc2 Nf8 10. O-O Ng6 11. b4 O-O 12. Na4 c6 13. dxc6 Bxc6 14. Nc3 Qc7 15. Be3 Rac8 16. Nd2 Qb7 17. Qd3 Bd7 18. a4 h6 19. Rfb1 Be6 20. a5 Nd7 21. axb6 axb6 22. Nd5 Bg5 23. Bxg5 hxg5 24. Qe3 f6 25. Bh5 Bxd5 26. Bxg6 Be6 27. Qe2 Rfd8 28. Bh5 Qc6 29. Bg4 Nf8 30. Rc1 Ra8 31. h3 Kf7 32. Qd3 Ke7 33. Rxa8 Rxa8 34. Nf1 Bxg4 35. hxg4 Ne6 36. Ne3 Nd4 37. Nf5+ Nxf5 38. gxf5 Ra4 39. Qb3 Qa8 40. c5 dxc5 41. Qe6+ Kf8 42. Qxb6 Kg8 43. bxc5 Ra1 44. Qb3+ Kh7 45. Rb1 Qa6 46. Rxa1 Qxa1+ 47. Kh2 Qc1 48. Qe3 Qc2 49. Kg3 g6 50. fxg6+ Kxg6 51. Kg4 Qc4 52. Qf3 Qxc5 53. Qf5+ Kg7 54. Kh5 Qe7 55. Qg6+ Kh8 56. Kg4 Qe6+ 57. Qf5 Qe7 58. Qc8+ Kg7 59. f3 Qf7 60. Kf5 Qg6+ 61. Ke6 Qf7+ 62. Kd6 Qa2 63. Qd7+ Kg6 64. Qe8+ Kg7 65. Ke7 Qxg2 66. Qf7+ Kh6 67. Qxf6+ Kh5 68. Ke6 Qg3 69. Qf5 Kh6 70. Kf6 Qf4 71. Qxf4 exf4 72. Kf5 Kh5 73. e5 Kh4 74. e6 g4 75. Kxf4 g3 76. e7 1-0

[Event "11th Arad Open 2018"]
[Site "Arad"]
[Date "2018.08.06"]
[Round "3"]
[White "Farkas, Gabor"]
[Black "Tarlev, Konstantin"]
[Result "1/2-1/2"]
[ECO "B49"]
[WhiteElo "2366"]
[BlackElo "2561"]
[Annotator "ChessBase"]
[PlyCount "80"]
[EventDate "2018.08.05"]
[EventType "swiss"]
[EventCountry "ROU"]
[SourceTitle "playchess.com"]
[Source "ChessBase"]
[SourceQuality "1"]
[TimeControl "40/5400+30:1800+30"]

1. e4 c5 2. Nf3 e6 3. d4 cxd4 4. Nxd4 Nc6 5. Nc3 Qc7 6. Be3 a6 7. Be2 Nf6 8. a3 Be7 9. f4 d6 10. O-O O-O 11. Qe1 e5 12. Nxc6 Qxc6 13. fxe5 dxe5 14. Qg3 Nxe4 15. Nxe4 Qxe4 16. Bd3 Qc6 17. Qxe5 Bf6 18. Qg3 Re8 19. c3 b5 20. Rf2 Be5 21. Bf4 Bxf4 22. Qxf4 Ra7 23. Re2 Rxe2 24. Bxe2 Re7 25. Bf3 Qb6+ 26. Qd4 Qxd4+ 27. cxd4 Rc7 28. Re1 Kf8 29. Kf2 b4 30. axb4 Rc4 31. Ke3 Rxb4 32. Rc1 Bb7 33. Bxb7 Rxb7 34. Rc2 Ke7 35. g4 Kd6 36. h4 f6 37. h5 Rb5 38. Rc8 Rxb2 39. Ra8 Kd5 40. Rxa6 Rb3+ {[%emt 0:00:00] Ke4+ Ke5+} 1/2-1/2

[Event "11th Arad Open 2018"]
[Site "Arad"]
[Date "2018.08.06"]
[Round "3"]
[White "Dobre, Claudiu-Cristian"]
[Black "Aczel, Gergely"]
[Result "0-1"]
[ECO "A01"]
[WhiteElo "2356"]
[BlackElo "2551"]
[Annotator "ChessBase"]
[PlyCount "200"]
[EventDate "2018.08.05"]
[EventType "swiss"]
[EventCountry "ROU"]
[SourceTitle "playchess.com"]
[Source "ChessBase"]
[SourceQuality "1"]
[TimeControl "40/5400+30:1800+30"]

1. b3 d5 2. e3 Bf5 3. Bb2 e6 4. Nf3 Nf6 5. c4 c6 6. Nc3 Bd6 7. Be2 h6 8. d3 O-O 9. O-O Bh7 10. a3 Nbd7 11. cxd5 exd5 12. h3 Re8 13. Re1 a5 14. Bf1 Bf8 15. Qc2 Nb6 16. Rad1 Qe7 17. Qc1 Nfd7 18. d4 Qd8 19. Nd2 Nf6 20. Ne2 Bd6 21. Nf4 Nbd7 22. Bd3 Bxf4 23. Bxh7+ Nxh7 24. exf4 Qb6 25. Qc3 Nhf6 26. Nf3 Ne4 27. Qd3 a4 28. b4 Qc7 29. Bc1 Nb6 30. Ne5 f6 31. Ng6 Qd7 32. g4 Nc4 33. f5 Qc7 34. Nf4 Nb2 35. Bxb2 Qxf4 36. Re2 Ng5 37. Bc1 Qf3 38. Rxe8+ Rxe8 39. Qxf3 Nxf3+ 40. Kf1 Kf7 41. Be3 Ng5 42. Bxg5 hxg5 43. Re1 Rxe1+ 44. Kxe1 Ke7 45. Kd2 Kd6 46. Ke3 Kc7 47. f4 b6 48. fxg5 fxg5 49. h4 gxh4 50. g5 Kd7 51. Kf2 Ke8 52. Kg2 Ke7 53. Kh3 c5 54. bxc5 bxc5 55. dxc5 d4 56. c6 d3 57. f6+ gxf6 58. gxf6+ Kxf6 59. c7 d2 60. c8=Q d1=Q 61. Qc6+ Ke5 62. Qe8+ Kf4 63. Qf8+ Ke3 64. Kxh4 Kd3 65. Kg3 Qg1+ 66. Kh3 Qh1+ 67. Kg3 Qg1+ 68. Kh4 Qh2+ 69. Kg5 Qg3+ 70. Kh5 Qe5+ 71. Kg4 Kc2 72. Kf3 Qd4 73. Ke2 Qe4+ 74. Kf1 Qe3 75. Qb4 Qb3 76. Qd6 Qf3+ 77. Ke1 Qe3+ 78. Kf1 Kb2 79. Qb4+ Qb3 80. Qc5 Qxa3 81. Qe5+ Qc3 82. Qb5+ Qb3 83. Qe5+ Kc2 84. Qh2+ Kb1 85. Qh7+ Kb2 86. Qh2+ Qc2 87. Qe5+ Kb1 88. Qa5 Qc1+ 89. Kg2 a3 90. Kf3 Qc6+ 91. Kf4 a2 92. Qb4+ Kc2 93. Qd4 Qc3 94. Qa4+ Kb2 95. Qb5+ Ka3 96. Qa6+ Kb3 97. Kg5 a1=Q 98. Qb5+ Qb4 99. Qd3+ Qac3 100. Qd5+ Kb2 0-1

[Event "11th Arad Open 2018"]
[Site "Arad"]
[Date "2018.08.06"]
[Round "3"]
[White "Toma, Radu-Cristian"]
[Black "Ungureanu, Sandu"]
[Result "1-0"]
[ECO "A06"]
[WhiteElo "2354"]
[BlackElo "2083"]
[Annotator "NA"]
[PlyCount "49"]
[EventDate "2018.08.05"]
[EventType "swiss"]
[EventCountry "ROU"]
[SourceTitle "playchess.com"]
[Source "ChessBase"]
[SourceQuality "1"]
[TimeControl "40/5400+30:1800+30"]

1. Nf3 d5 2. e3 c5 3. b3 Nc6 4. Bb5 Qc7 5. c4 dxc4 6. bxc4 Bg4 7. h3 Bxf3 8. Qxf3 a6 9. Ba4 e6 10. O-O Nf6 11. d4 Rd8 12. Nc3 cxd4 13. Rb1 Nd7 14. exd4 b5 15. cxb5 Nxd4 16. Qg4 Qxc3 17. Bb2 Qa5 18. Qxd4 Nb6 19. Qxb6 Qxb6 20. bxa6+ Rd7 21. Rfd1 Qxa6 22. Bxd7+ Ke7 23. a4 f5 24. Bb5 Qb7 25. Be5 1-0

[Event "11th Arad Open 2018"]
[Site "Arad"]
[Date "2018.08.06"]
[Round "3"]
[White "Posedaru, Bogdan"]
[Black "Jianu, Vlad-Cristian"]
[Result "1/2-1/2"]
[ECO "E35"]
[WhiteElo "2326"]
[BlackElo "2542"]
[Annotator "ChessBase"]
[PlyCount "69"]
[EventDate "2018.08.05"]
[EventType "swiss"]
[EventCountry "ROU"]
[SourceTitle "playchess.com"]
[Source "ChessBase"]
[SourceQuality "1"]
[TimeControl "40/5400+30:1800+30"]

1. d4 Nf6 2. c4 e6 3. Nc3 Bb4 4. Qc2 d5 5. cxd5 exd5 6. Bg5 h6 7. Bh4 c5 8. dxc5 O-O 9. e3 Be6 10. Nf3 Nbd7 11. a3 Bxc5 12. Be2 Rc8 13. O-O Be7 14. Rac1 g5 15. Bg3 Ne4 16. Qd3 Ndc5 17. Qd1 Nxg3 18. hxg3 Bf6 19. Nd4 Bxd4 20. exd4 Ne4 21. Qd3 Nxc3 22. Rxc3 Rxc3 23. Qxc3 Qf6 24. Qb4 Rc8 25. Qxb7 Qxd4 26. Rd1 Qe5 27. Bf1 Rb8 28. Qxa7 Rxb2 29. a4 Ra2 30. a5 d4 31. Qxd4 Qxd4 32. Rxd4 Rxa5 33. Bc4 Ra1+ 34. Kh2 Bxc4 35. Rxc4 1/2-1/2

[Event "11th Arad Open 2018"]
[Site "Arad"]
[Date "2018.08.06"]
[Round "3"]
[White "Cerovic, Danilo"]
[Black "Creanga, Robert-Ionut"]
[Result "1-0"]
[ECO "B31"]
[WhiteElo "2320"]
[BlackElo "2069"]
[Annotator "NA"]
[PlyCount "65"]
[EventDate "2018.08.05"]
[EventType "swiss"]
[EventCountry "ROU"]
[SourceTitle "playchess.com"]
[Source "ChessBase"]
[SourceQuality "1"]
[TimeControl "40/5400+30:1800+30"]

1. Nf3 c5 2. e4 Nc6 3. Bb5 g6 4. Bxc6 dxc6 5. d3 Bg7 6. h3 Nf6 7. Nc3 O-O 8. Be3 b6 9. Qd2 e5 10. Bh6 Qd6 11. g4 Be6 12. Ne2 a5 13. Ng3 a4 14. Bxg7 Kxg7 15. Qg5 Nd7 16. Nh5+ Kh8 17. Nf6 Kg7 18. Nxd7 Qxd7 19. Qxe5+ f6 20. Qc3 Kg8 21. a3 Qe7 22. O-O-O Bd7 23. Rhe1 b5 24. d4 cxd4 25. Qxd4 Rfd8 26. e5 f5 27. g5 Be6 28. Qb4 Qa7 29. Rd2 Bd5 30. Ng1 Re8 31. h4 Qc7 32. Qc3 f4 33. Rxd5 1-0

[Event "11th Arad Open 2018"]
[Site "Arad"]
[Date "2018.08.06"]
[Round "3"]
[White "Banzea, Alexandru-Bogdan"]
[Black "Deepan Chakkravarthy J"]
[Result "0-1"]
[ECO "B51"]
[WhiteElo "2313"]
[BlackElo "2530"]
[Annotator "ChessBase"]
[PlyCount "72"]
[EventDate "2018.08.05"]
[EventType "swiss"]
[EventCountry "ROU"]
[SourceTitle "playchess.com"]
[Source "ChessBase"]
[SourceQuality "1"]
[TimeControl "40/5400+30:1800+30"]

1. e4 c5 2. Nf3 d6 3. Bb5+ Nd7 4. O-O a6 5. Bd3 Ngf6 6. Re1 g6 7. c3 Bg7 8. Bc2 Ne5 9. Nxe5 dxe5 10. a4 b6 11. Na3 Qc7 12. Qe2 O-O 13. Nc4 Be6 14. d3 b5 15. axb5 axb5 16. Rxa8 Rxa8 17. Na3 b4 18. Nc4 bxc3 19. bxc3 h5 20. h3 Bxc4 21. dxc4 Kh7 22. g4 Ra2 23. f3 hxg4 24. hxg4 Nd7 25. Qd3 Nf8 26. Rd1 Ne6 27. Bb3 Ra1 28. Qc2 Bf6 29. Be3 Rxd1+ 30. Qxd1 Bg5 31. Bf2 Qa5 32. Be1 Kg7 33. Kh2 Qa8 34. Kg2 Qh8 35. Bg3 Bf4 36. Bc2 Ng5 0-1

[Event "11th Arad Open 2018"]
[Site "Arad"]
[Date "2018.08.06"]
[Round "3"]
[White "Vrencian, Lehel"]
[Black "Stany, G A"]
[Result "0-1"]
[ECO "A48"]
[WhiteElo "2293"]
[BlackElo "2494"]
[Annotator "ChessBase"]
[PlyCount "58"]
[EventDate "2018.08.05"]
[EventType "swiss"]
[EventCountry "ROU"]
[SourceTitle "playchess.com"]
[Source "ChessBase"]
[SourceQuality "1"]
[TimeControl "40/5400+30:1800+30"]

1. d4 Nf6 2. Nf3 g6 3. c4 Bg7 4. g3 c6 5. Bg2 d5 6. Qb3 O-O 7. O-O a5 8. cxd5 a4 9. Qd1 Nxd5 10. e4 Nb6 11. h3 c5 12. dxc5 Qxd1 13. Rxd1 Nc4 14. Nbd2 Nxb2 15. Bxb2 Bxb2 16. Rab1 Ba3 17. Nc4 Bxc5 18. Rb5 Na6 19. Bf1 Rb8 20. Nce5 b6 21. Nd7 Bxd7 22. Rxd7 Nb4 23. Bc4 Rbd8 24. Ne5 Kg7 25. Rxd8 Rxd8 26. Nxf7 Rd4 27. Ne5 Rxe4 28. a3 Nc2 29. Rb2 Nxa3 0-1

[Event "11th Arad Open 2018"]
[Site "Arad"]
[Date "2018.08.06"]
[Round "3"]
[White "Velickovic, Sasa"]
[Black "Costachi, Mihnea"]
[Result "0-1"]
[ECO "C77"]
[WhiteElo "2290"]
[BlackElo "2453"]
[Annotator "ChessBase"]
[PlyCount "72"]
[EventDate "2018.08.05"]
[EventType "swiss"]
[EventCountry "ROU"]
[SourceTitle "playchess.com"]
[Source "ChessBase"]
[SourceQuality "1"]
[TimeControl "40/5400+30:1800+30"]

1. e4 e5 2. Nf3 Nc6 3. Bb5 a6 4. Ba4 Nf6 5. d3 Bc5 6. O-O d6 7. c3 Ba7 8. a3 h6 9. Re1 O-O 10. h3 Ne7 11. Nbd2 Ng6 12. Nf1 c6 13. Ng3 d5 14. Bb3 Be6 15. exd5 Bxd5 16. Bxd5 Qxd5 17. c4 Qd6 18. Qb3 Nd7 19. Ne4 Qc7 20. Qc2 f5 21. Nc3 Rae8 22. Be3 Bb8 23. Kf1 Rf7 24. Rad1 Rfe7 25. b4 Kh8 26. a4 Nf6 27. a5 e4 28. Bb6 Qc8 29. dxe4 fxe4 30. Nd2 Qf5 31. f3 Bg3 32. Rxe4 Nf4 33. Qb1 Nxe4 34. Ndxe4 Bh4 35. Bc5 Re6 36. Qc2 Nxh3 0-1

[Event "11th Arad Open 2018"]
[Site "Arad"]
[Date "2018.08.06"]
[Round "3"]
[White "Patrascu, Catalin-Lucian"]
[Black "Cioara, Andrei-Nestor"]
[Result "1/2-1/2"]
[ECO "C00"]
[WhiteElo "2286"]
[BlackElo "2435"]
[Annotator "NA"]
[PlyCount "73"]
[EventDate "2018.08.05"]
[EventType "swiss"]
[EventCountry "ROU"]
[SourceTitle "playchess.com"]
[Source "ChessBase"]
[SourceQuality "1"]
[TimeControl "40/5400+30:1800+30"]

1. e4 e6 2. d4 d5 3. Bd3 dxe4 4. Bxe4 Nf6 5. Bf3 c5 6. Ne2 Nc6 7. Be3 e5 8. Bxc6+ bxc6 9. dxe5 Qxd1+ 10. Kxd1 Ng4 11. Nd2 Be7 12. Nf3 Nxe3+ 13. fxe3 Bg4 14. Nc3 O-O-O+ 15. Ke2 Rhe8 16. h3 Bh5 17. Rad1 Bf8 18. Rxd8+ Kxd8 19. Rf1 Be7 20. g4 Bg6 21. e6 Bf6 22. Rd1+ Kc8 23. Rd7 Rxe6 24. Rxa7 h5 25. Kf2 hxg4 26. hxg4 Kb8 27. Rd7 Kc8 28. Ra7 Kb8 29. Rd7 Kc8 30. Ra7 Kb8 31. Ra5 Be7 32. Na4 Re4 33. Nxc5 Rc4 34. Na6+ Kb7 35. Nc5+ Kb8 36. Nd7+ Kc7 37. c3 1/2-1/2

[Event "11th Arad Open 2018"]
[Site "Arad"]
[Date "2018.08.06"]
[Round "3"]
[White "Gilea, Lucian"]
[Black "Filip, Lucian-Ioan"]
[Result "1/2-1/2"]
[ECO "A45"]
[WhiteElo "2279"]
[BlackElo "2426"]
[Annotator "NA"]
[PlyCount "38"]
[EventDate "2018.08.05"]
[EventType "swiss"]
[EventCountry "ROU"]
[SourceTitle "playchess.com"]
[Source "ChessBase"]
[SourceQuality "1"]
[TimeControl "40/5400+30:1800+30"]

1. d4 Nf6 2. g3 d5 3. c4 dxc4 4. Bg2 e5 5. d5 c6 6. Nc3 cxd5 7. Nxd5 Nxd5 8. Qxd5 Bb4+ 9. Bd2 Bxd2+ 10. Qxd2 Qxd2+ 11. Kxd2 Nd7 12. Nf3 f6 13. Rhc1 Nb6 14. Ke1 $11 Be6 15. Nd2 Rb8 16. Ne4 Bd5 17. Nd6+ Kd7 18. Bxd5 Kxd6 19. Bxc4 Nxc4 1/2-1/2